 Dungeon Crawl Stone Soup version 0.17-a0-1545-gc1bb672 (webtiles) character file.

7115 Lathuz the Basher (level 10, -21/92 (93) HPs)
             Began as a Minotaur Fighter on July 18, 2015.
             Was a Priest of Okawaru.
             Killed from afar by a wizard (30 damage)
             ... with a bolt of lightning
             ... on level 10 of the Dungeon.
             The game lasted 00:29:56 (10552 turns).

Lathuz the Basher (Minotaur Fighter)               Turns: 10552, Time: 00:29:57

HP:   -21/92 (93)   AC: 16    Str: 24    XL:     10   Next: 85%
MP:   9/9           EV:  8    Int:  5    God:    Okawaru [***...]
Gold: 456           SH: 12    Dex: 14    Spells: 0 memorised, 9 levels left

rFire  . . .     SeeInvis .     s - +1 morningstar
rCold  . . .     Clarity  .     o - +0 plate armour
rNeg   . . .     SustAt   .     c - +0 shield
rPois  +         Gourm    .     (helmet restricted)
rElec  .         Spirit   .     (no cloak)
rCorr  .         Warding  .     O - +0 pair of gloves
rMut   .         Stasis   +     (no boots)
MR     .....                    C - amulet of stasis
Stlth  ..........               N - +4 ring of strength
                                n - ring of poison resistance

@: not resistant to hostile enchantments, extremely unstealthy
A: retaliatory headbutt, horns 2
a: Heroism, Renounce Religion


You were on level 10 of the Dungeon.
You worshipped Okawaru.
Okawaru was most pleased with you.
You were very hungry.

You visited 2 branches of the dungeon, and saw 12 of its levels.

You collected 456 gold pieces.

Inventory:

Hand weapons
 a - a +0 flail
 s - a +1 morningstar (weapon)
Missiles
 i - 375 stones
 U - 5 tomahawks (quivered)
Armour
 b - a +0 scale mail
 c - a +0 shield (worn)
 o - a +0 plate armour (worn)
 O - a +0 pair of gloves (worn)
Jewellery
 h - an uncursed ring of fire
 n - a ring of poison resistance (left hand)
 q - an uncursed ring of sustain attributes
 B - an uncursed ring of protection from fire
 C - an amulet of stasis (around neck)
 N - a +4 ring of strength (right hand)
Magical devices
 g - a wand of cold (5)
 x - a wand of frost (9)
 y - a wand of disintegration (8)
 F - a wand of confusion (23)
 I - a wand of confusion (22)
 J - a wand of polymorph (17)
 L - a wand of invisibility (1)
 R - a wand of paralysis (9)
 T - a wand of slowing (19)
Scrolls
 j - 4 scrolls of enchant weapon
 k - 7 scrolls of identify
 t - 5 scrolls of remove curse
 H - 4 scrolls of blinking
 P - 3 scrolls of magic mapping {unknown}
 V - 2 scrolls of fear {unknown}
Potions
 d - 2 potions of might
 m - 2 potions of poison
 p - 5 potions of flight
 r - a potion of resistance
 w - a potion of degeneration {unknown}
 z - 2 potions of berserk rage {unknown}
 D - 6 potions of curing {unknown}
 G - 3 potions of heal wounds {unknown}
 M - a potion of brilliance {unknown}
 Q - a potion of beneficial mutation {unknown}
 S - 2 potions of haste
Books
 A - a book of Burglary

   Spells                             Type                      Level
   a - Swiftness                      Charms/Air                   2
   b - Passwall                       Transmutation/Earth          3
   c - Passage of Golubria            Translocation                4
   d - Lee's Rapid Deconstruction     Earth                        5
   e - Invisibility                   Hexes                        6
   f - Darkness                       Hexes                        7
 K - a book of Air

   Spells                             Type                      Level
   a - Shock                          Conjuration/Air              1
   b - Swiftness                      Charms/Air                   2
   c - Repel Missiles                 Charms/Air                   2
   d - Static Discharge               Conjuration/Air              3
   e - Lightning Bolt                 Conjuration/Air              5
Comestibles
 e - 10 bread rations
 f - 5 fruits
 l - 3 beef jerkies
 u - 2 slices of pizza
 v - 6 meat rations
 E - a royal jelly


   Skills:
 - Level 10.0 Fighting
 - Level 12.1 Maces & Flails
 - Level 10.1 Armour
 + Level 3.9 Dodging
 + Level 8.4 Shields


You had 9 spell levels left.
You didn't know any spells.

Dungeon Overview and Level Annotations

Branches:
Dungeon (11/15)            Temple (1/1) D:5
   Lair: D:8-11         Orc: D:9-12

Altars:
Ashenzari
Cheibriados
Dithmenos
Elyvilon
Fedhas
Gozag
Kikubaaqudgha
Makhleb
Nemelex Xobeh
Okawaru
Qazlal
Ru
Sif Muna
Trog
Vehumet
Xom
Yredelemnul
Zin
The Shining One


Innate Abilities, Weirdness & Mutations

You reflexively headbutt those who attack you in melee.
You have a pair of horns on your head.


Message History

You open the door.
There is an open door here.
A wizard comes into view. It is wielding a dagger.
The wizard shouts!
The wizard howls an incantation.
The wizard's fingertips start to glow.
The wizard gestures wildly while chanting.
The wizard blinks!
The wizard casts a spell at you. The bolt of fire hits you!
A wizard comes into view. It is wielding an enchanted dagger.
The wizard shouts!
The wizard points at you and mumbles some strange words.
The bolt of fire hits you!
The wizard points at you and mumbles some strange words.
The bolt of fire hits you!
* * * LOW HITPOINT WARNING * * *
The wizard casts a spell at you. The bolt of lightning hits you!
You die...

..# #..# ...# ##...
....###....# #....#.....#
#..p.....#.############
#......p...^..........#
#.........######......#
#......@..# #......#
###........# #......#
##.##.....### #......#
#...##....# #......#
.....##...# #......#
.....#...########......##
#.......#>.....'......'.
##..............#......#.
##.......#.......#.#...##.


You could see 2 wizards.

Vanquished Creatures
  Erica (D:9)
  Pikel (D:5)
  2 trolls
  Grinder (D:6)
  A two-headed ogre (D:9)
  A spriggan (D:7)
  A hippogriff (D:11)
  4 ice beasts
  2 eyes of draining
  2 black bears (D:10)
  3 orc warriors
  3 sky beasts
  7 ogres
  4 centaurs
  2 necrophages
  A slave (D:5)
  A big kobold (D:10)
  2 gnoll sergeants
  3 giant frogs
  4 wights (D:11)
  2 scorpions
  9 killer bees
  2 crimson imps
  4 hounds
  2 centaur skeletons
  2 jellies
  14 worker ants
  12 orc wizards
  An orc priest (D:9)
  3 iguanas
  14 gnolls
  12 adders
  An adder zombie (D:9)
  2 worms
  11 giant geckos
  35 orcs
  2 bat zombies
  14 goblins
  11 hobgoblins
  6 jackals
  3 quokkas
  2 ball pythons
  13 bats
  11 giant cockroaches
  A giant gecko skeleton (D:4)
  9 giant newts
  21 kobolds
  A quokka zombie (D:6)
  16 rats
  2 butterflies (D:5)
284 creatures vanquished.

Notes
Turn   | Place    | Note
--------------------------------------------------------------
     0 | D:1      | Lathuz the Minotaur Fighter began the quest for the Orb.
     0 | D:1      | Reached XP level 1. HP: 19/19 MP: 0/0
   153 | D:1      | Reached XP level 2. HP: 26/26 MP: 1/1
   433 | D:1      | Reached skill level 4 in Maces & Flails
   765 | D:2      | Reached XP level 3. HP: 26/31 MP: 2/2
  1394 | D:3      | Reached skill level 5 in Maces & Flails
  1445 | D:3      | Reached XP level 4. HP: 39/39 MP: 3/3
  1496 | D:3      | Found a bloodstained altar of Trog.
  1738 | D:3      | Reached skill level 6 in Maces & Flails
  1745 | D:3      | Reached XP level 5. HP: 42/45 MP: 4/4
  2111 | D:4      | Reached skill level 7 in Maces & Flails
  2122 | D:4      | Noticed an ogre
  2144 | D:3      | Reached XP level 6. HP: 43/51 MP: 5/5
  2220 | D:3      | You fall through a shaft!
  2230 | D:4      | Noticed an ogre
  2241 | D:4      | Killed an ogre
  2241 | D:4      | Reached skill level 8 in Maces & Flails
  2251 | D:4      | HP: 1/51 [worker ant (2)]
  2726 | D:4      | Killed an ogre
  2726 | D:4      | Reached skill level 9 in Maces & Flails
  2784 | D:4      | Reached XP level 7. HP: 57/57 MP: 6/6
  2979 | D:4      | Found a glowing silver altar of Zin.
  3010 | D:4      | Reached skill level 10 in Maces & Flails
  3328 | D:4      | Noticed an ogre
  3336 | D:4      | Killed an ogre
  3427 | D:5      | Entered Level 5 of the Dungeon
  3629 | D:5      | Found a staircase to the Ecumenical Temple.
  3641 | D:5      | Reached skill level 11 in Maces & Flails
  3653 | Temple   | Entered the Ecumenical Temple
  3890 | D:5      | Reached XP level 8. HP: 61/66 MP: 7/7
  4133 | D:5      | Noticed Pikel
  4147 | D:5      | Killed Pikel
  4147 | D:5      | Reached skill level 5 in Fighting
  4147 | D:5      | Reached skill level 5 in Armour
  4728 | D:6      | Noticed Grinder
  4738 | D:6      | Killed Grinder
  4766 | D:6      | Found a radiant altar of Vehumet.
  4781 | D:6      | Reached XP level 9. HP: 74/79 MP: 8/8
  4872 | D:6      | Found a white marble altar of Elyvilon.
  5008 | D:6      | Found a snail-covered altar of Cheibriados.
  5271 | D:6      | Found a stormy altar of Qazlal.
  5286 | D:6      | Found an opulent altar of Gozag.
  6291 | D:7      | Found an iron altar of Okawaru.
  6298 | D:7      | Became a worshipper of Warmaster Okawaru
  7129 | D:8      | Found a shattered altar of Ashenzari.
  7140 | D:8      | Acquired Okawaru's first power
  7157 | D:8      | Reached skill level 10 in Armour
  7606 | D:8      | Found a glowing golden altar of the Shining One.
  7655 | D:8      | Reached skill level 10 in Fighting
  7693 | D:8      | Found a shimmering altar of Xom.
  7694 | D:8      | Found an ancient bone altar of Kikubaaqudgha.
  7819 | D:8      | Reached XP level 10. HP: 69/92 MP: 9/9
  8157 | D:9      | Noticed Erica
  8174 | D:9      | Killed Erica
  8174 | D:9      | Reached skill level 5 in Shields
  8377 | D:9      | Found a shadowy altar of Dithmenos.
  8721 | D:9      | Reached skill level 12 in Maces & Flails
  9005 | D:9      | Reached skill level 1 in Dodging
  9253 | D:9      | You fall through a shaft for 2 floors!
  9580 | D:10     | Entered Level 10 of the Dungeon
 10546 | D:10     | Noticed a wizard
 10550 | D:10     | Noticed a wizard
 10552 | D:10     | Killed from afar by a wizard

Vault maps used:
D:1:      dpeg_arrival_long_road, st_stairs_3, minmay_surrounded
D:3:      bloody_trog
D:4:      zin_academy, first_bread, minmay_vboxes
D:5:      minmay_temple_entry_butterflies, uniq_pikel
D:6:      lemuel_doored_altar, cheibrodos_worm_habitat, minitemple,
          elyvilon_altar_3, uniq_grinder
D:7:      old_standard_altar, the_bakery
D:8:      gammafunk_temple_overflow_pools, evilmike_ruin_ashenzari, tso_altar
D:9:      old_standard_altar, kennysheep_small_square, uniq_erica
D:10:     minmay_smoke_and_mirrors
D:11:     dpeg_oklobed_lair, grunt_ministairs_9, disabler_island
Temple:   temple_island_7

Action                   |  1- 3 |  4- 6 |  7- 9 | 10-12 || total
-------------------------+-------+-------+-------+-------++-------
Melee: Flail             |   112 |   117 |    12 |       ||   241
       Morningstar       |       |       |   432 |   213 ||   645
Throw: Stone             |       |     5 |     5 |     3 ||    13
       Tomahawk          |       |       |     3 |    20 ||    23
Invok: Heroism           |       |       |       |     1 ||     1
  Use: Potion            |       |     4 |       |       ||     4
       Scroll            |       |       |    14 |       ||    14
  Eat: Chunk             |     2 |     1 |    13 |     5 ||    21
       Bread ration      |       |     1 |     1 |       ||     2
       Fruit             |       |       |     1 |       ||     1
